 Dungeon Crawl Stone Soup version 0.18-a0-425-ge088ad1 (webtiles) character file.

4597 FishmanTm the Nimble (level 10, -18/71 HPs)
             Began as a Merfolk Transmuter on Nov 30, 2015.
             Demolished by a komodo dragon (33 damage)
             ... on level 10 of the Dungeon.
             The game lasted 00:19:35 (9178 turns).

FishmanTm the Nimble (Merfolk Transmuter)           Turns: 9178, Time: 00:19:35

Health: -18/71     AC:  2    Str: 10    XL:     10   Next: 41%
Magic:  10/16      EV: 19    Int: 15    God:
Gold:   665        SH:  0    Dex: 16    Spells: 5 memorised, 2 levels left

rFire  + . .     SeeInvis +       - Unarmed
rCold  . . .     Clarity  .     b - +0 robe
rNeg   . . .     SustAt   .     (shield currently unavailable)
rPois  .         Gourm    .     (no helmet)
rElec  .         Spirit   .     (no cloak)
rCorr  .         Dsmss    +     (gloves currently unavailable)
rMut   .         Stasis   .     (no boots)
MR     .....                    q - amulet of dismissal
Stlth  +.........               x - ring of protection from fire
                                t - ring of see invisible

@: blade hands (expiring), not resistant to hostile enchantments, very
unstealthy
A: change form in water, swift swim
a: End Transformation


You were on level 10 of the Dungeon.
You were hungry.
You had blades for hands.
You visited 1 branch of the dungeon, and saw 11 of its levels.

You collected 665 gold pieces.

Inventory:

Missiles
 a - 147 arrows
Armour
 b - a +0 robe (worn)
Jewellery
 j - an uncursed ring of sustain attributes
 q - an amulet of dismissal (around neck)
 t - a ring of see invisible (left scythe-like blade)
 x - a ring of protection from fire (right scythe-like blade)
 J - an uncursed ring of flight
Scrolls
 h - 4 scrolls of remove curse
 i - 2 scrolls of enchant weapon {unknown}
 l - 4 scrolls of fog
 m - 3 scrolls of random uselessness {unknown}
 p - a scroll of teleportation {unknown}
 s - 2 scrolls of enchant armour
 u - a scroll of noise {unknown}
 y - a scroll of blinking {unknown}
 D - a scroll of summoning {unknown}
 E - a scroll of immolation {unknown}
 G - a scroll of recharging
 M - a scroll of amnesia {unknown}
Potions
 e - a potion of brilliance
 g - 2 potions of heal wounds {unknown}
 n - 2 potions of cancellation
 r - a potion of cure mutation
 v - 2 potions of ambrosia
 w - 2 potions of haste {unknown}
 z - 4 potions of curing
 B - 2 potions of agility {unknown}
 F - 3 potions of flight {unknown}
 L - a potion of might {unknown}
Books
 c - a book of Changes

   Spells                             Type                      Level
   a - Beastly Appendage              Transmutation                1
   b - Sticks to Snakes               Transmutation                2
   c - Spider Form                    Transmutation/Poison         3
   d - Ice Form                       Ice/Transmutation            4
   e - Blade Hands                    Transmutation                5
Comestibles
 d - 4 bread rations
 f - 5 meat rations
 k - 10 fruits
 o - 2 chunks of flesh
 A - a beef jerky


   Skills:
 - Level 3.8 Fighting
 + Level 10.6 Dodging
 - Level 10.5 Unarmed Combat
 - Level 4.1 Spellcasting
 - Level 9.3 Transmutations


You had 2 spell levels left.
You knew the following spells:

 Your Spells              Type           Power        Failure   Level  Hunger
a - Beastly Appendage     Trmt           ####..       12%         1    None
b - Sticks to Snakes      Trmt           ####....     14%         2    ##.....
c - Spider Form           Trmt/Pois      ###.......   45%         3    ###....
d - Ice Form              Ice/Trmt       ###.....     71%         4    ####...
e - Blade Hands           Trmt           ####......   54%         5    ######.


Dungeon Overview and Level Annotations

Branches:
Dungeon (11/15)            Temple (0/1) D:7             Orc (0/4) D:11
   Lair: D:8-11

Altars:
Qazlal
Sif Muna
Beogh

Shops:
D:5 %


Message History

The orc wizard mumbles some strange words.
The orc wizard blinks!
Your adder misses the giant frog.
The orc wizard completely misses your adder.
The worker ant misses your adder. The giant frog completely misses you.
The komodo dragon bites you.
* * * LOW HITPOINT WARNING * * *
Your adder bites the giant frog.
The giant frog looks even sicker.
Your adder poisons the giant frog!
You hit the komodo dragon but do no damage.
The komodo dragon is lightly wounded.
The worker ant misses your adder.
Your adder closely misses the giant frog.
The giant frog hits you.
* * * LOW HITPOINT WARNING * * *
The worker ant barely misses your adder.
The orc wizard hits your adder but does no damage.
Your adder bites the giant frog.
The worker ant closely misses your adder.
The komodo dragon bites you!!
You die...

#...............#.......#
#....................)..# ..
#.........####.##.......#...
. #.........#
#.##..^..Z.#.....
#.........#
#.##....z........
#........## #######a........
#........# #...aa.h.....#
#........# #SlSaZo.##..#...
########.# ##@Fzozz.......#
#.# #.#########....## #.# .#
..#...P #.###.### ..#


.PP #....#..# ..# P ##.....# ... ####### .... ...# You could see a komodo
dragon, 2 soldier ants, a wolf, a giant frog, 2 worker ants, 4 wights, an orc
priest, an orc wizard, an adder zombie, a centaur skeleton and 2 friendly
adders.

Vanquished Creatures
  Grinder (D:4)
  Prince Ribbit (D:5)
  Sigmund (D:5)
  A wyvern (D:10)
  Eustachio (D:4)
  A wolf (D:10)
  6 yaks (D:10)
  A hippogriff (D:8)
  3 ice beasts
  A sky beast (D:7)
  An orc warrior (D:7)
  5 ogres
  2 centaurs
  A big kobold (D:8)
  6 giant frogs
  4 scorpions
  2 crimson imps
  5 hounds
  2 jellies
  3 orc wizards
  A quasit (D:6)
  4 orc priests
  3 worker ants
  4 iguanas
  A hound zombie (D:7)
  A worker ant zombie (D:3)
  12 adders
  7 gnolls
  A shadow imp (D:5)
  An ooze (D:6)
  3 worms
  6 giant geckos
  21 orcs
  5 goblins
  5 hobgoblins
  10 jackals
  4 kobolds
  3 quokkas
  4 ball pythons
  7 bats
  8 giant cockroaches
  A giant gecko skeleton (D:6)
  A giant gecko zombie (D:5)
  4 giant newts
  A quokka zombie (D:8)
  4 rats
170 creatures vanquished.

Vanquished Creatures (collateral kills)
  A water moccasin (D:11)
  A gnoll (D:4)
  A worm (D:2)
3 creatures vanquished.

Grand Total: 173 creatures vanquished

Notes
Turn   | Place    | Note
--------------------------------------------------------------
     0 | D:1      | FishmanTm the Merfolk Transmuter began the quest for the Orb.
     0 | D:1      | Reached XP level 1. HP: 15/15 MP: 3/3
   603 | D:1      | Reached XP level 2. HP: 21/21 MP: 3/5
   610 | D:1      | Learned a level 2 spell: Sticks to Snakes
   641 | D:1      | Reached skill level 4 in Unarmed Combat
  1040 | D:2      | Reached XP level 3. HP: 23/26 MP: 4/6
  1045 | D:2      | Learned a level 3 spell: Spider Form
  1453 | D:2      | Reached skill level 5 in Unarmed Combat
  1458 | D:2      | Reached XP level 4. HP: 16/32 MP: 4/7
  2722 | D:3      | Found a roughly hewn altar of Beogh.
  2796 | D:3      | Reached XP level 5. HP: 31/37 MP: 5/8
  2911 | D:3      | Reached skill level 5 in Transmutations
  3798 | D:4      | Reached XP level 6. HP: 40/44 MP: 5/9
  3939 | D:4      | Noticed Eustachio
  3959 | D:4      | Killed Eustachio
  3959 | D:4      | Reached skill level 5 in Dodging
  3959 | D:4      | Reached XP level 7. HP: 30/53 MP: 2/10
  4150 | D:4      | Noticed Grinder
  4150 | D:4      | Paralysed by Grinder for 2 turns
  4171 | D:4      | Killed Grinder
  4171 | D:4      | Reached skill level 6 in Unarmed Combat
  4876 | D:5      | Entered Level 5 of the Dungeon
  4991 | D:5      | Reached skill level 7 in Unarmed Combat
  5022 | D:5      | Reached XP level 8. HP: 57/60 MP: 5/11
  5099 | D:5      | Reached skill level 8 in Unarmed Combat
  5363 | D:5      | Noticed Prince Ribbit
  5372 | D:5      | Killed Prince Ribbit
  5499 | D:5      | Noticed Sigmund
  5509 | D:5      | Killed Sigmund
  5509 | D:5      | Reached skill level 9 in Unarmed Combat
  5630 | D:5      | Found Foichuh's Food Emporium.
  5753 | D:6      | Reached skill level 10 in Unarmed Combat
  5867 | D:6      | Reached XP level 9. HP: 58/65 MP: 5/12
  5881 | D:6      | Learned a level 4 spell: Ice Form
  6478 | D:7      | Learned a level 5 spell: Blade Hands
  7283 | D:7      | Found a deep blue altar of Sif Muna.
  7650 | D:7      | Found a staircase to the Ecumenical Temple.
  8137 | D:8      | Found a stormy altar of Qazlal.
  8665 | D:9      | Reached XP level 10. HP: 60/71 MP: 11/16
  8680 | D:9      | You fall through a shaft for 2 floors!
  8775 | D:11     | Found a staircase to the Orcish Mines.
  8781 | D:11     | Noticed a hill giant
  8790 | D:11     | Noticed a hill giant
  8805 | D:10     | Entered Level 10 of the Dungeon
  8871 | D:10     | Reached skill level 10 in Dodging
  9178 | D:10     | Demolished by a komodo dragon

Vault maps used:
D:1:      minmay_arrival_stair_chambers, serial_park_tiny_1
D:2:      serial_corexii_hall, corexii_hall_statues_i, corexii_hall_statues_u
D:3:      kennysheep_orc_chapel
D:4:      uniq_grinder, uniq_eustachio
D:5:      serial_shops, shop, first_bread, minmay_misc_feat_alley,
          hangedman_decor_lopped, uniq_sigmund, uniq_prince_ribbit1
D:7:      minmay_temple_entry_from_below_a, basic_altar
D:8:      lemuel_doored_altar
D:9:      hangedman_screamer, hangedman_decor_growths
D:10:     dpeg_oklobed_lair, enter_trove_2, hangedman_pestilent_swarm,
          uniq_grum, uniq_josephine
D:11:     orc_0_dummy, uniq_maurice, uniq_erica

Action                   |  1- 3 |  4- 6 |  7- 9 | 10-12 || total
-------------------------+-------+-------+-------+-------++-------
Melee: Unarmed           |    76 |   177 |   260 |    65 ||   578
 Cast: Beastly Appendage |    14 |     2 |       |       ||    16
       Sticks to Snakes  |     2 |     4 |     6 |     8 ||    20
       Spider Form       |     3 |    26 |    41 |     6 ||    76
       Blade Hands       |       |       |       |     1 ||     1
 Abil: End Transformatio |     1 |     4 |     4 |     1 ||    10
  Use: Scroll            |       |     2 |     9 |       ||    11
 Stab: Sleeping          |       |       |     2 |       ||     2
  Eat: Chunk             |     3 |     8 |    21 |     3 ||    35
       Bread ration      |       |     1 |       |       ||     1
